 Dungeon Crawl Stone Soup version 0.19-a0-1170-g18f0c96 (webtiles) character file.

79 jacquesderrida the Slasher (level 4, -4/37 HPs)
             Began as a Minotaur Warper on Aug 17, 2016.
             Was an Initiate of Makhleb.
             Killed by nerve-wracking pain
             ... invoked by Grinder
              (7 damage)
             ... on level 4 of the Dungeon.
             The game lasted 00:04:15 (592 turns).

jacquesderrida the Slasher (Minotaur Warper)         Turns: 592, Time: 00:04:16

Health: -4/37      AC:  7    Str: 14 (15) XL:     4   Next: 17%
Magic:  5/5        EV: 15    Int:  7 (10) God:    Makhleb [......]
Gold:   70         SH:  0    Dex:  9 (11) Spells: 1 memorised, 4 levels left

rFire  . . .     SeeInvis .     a - +0 falchion
rCold  . . .     Gourm    .     p - +0 ring mail
rNeg   . . .     Faith    .     (no shield)
rPois  .         Spirit   .     (helmet restricted)
rElec  .         Dismiss  .     (no cloak)
rCorr  .         Reflect  .     (no gloves)
MR     .....     Harm     .     (no boots)
Stlth  ..........               (no amulet)
                                (no ring)
                                h - +4 ring of evasion

@: no status effects
A: retaliatory headbutt, horns 2, slimy green scales 1
a: Renounce Religion


You were on level 4 of the Dungeon.
You worshipped Makhleb.
Makhleb was noncommittal.
You were not hungry.

You visited 1 branch of the dungeon, and saw 4 of its levels.

You collected 70 gold pieces.

Inventory:

Hand Weapons
 a - a +0 falchion (weapon)
Missiles
 e - 5 tomahawks of dispersal (quivered)
Armour
 b - a +0 leather armour
 p - a +0 ring mail (worn)
Jewellery
 h - a +4 ring of evasion (left hand)
Scrolls
 d - a scroll of blinking
 g - 2 scrolls of remove curse {unknown}
 i - a scroll of identify {unknown}
 m - a scroll of magic mapping {unknown}
 n - a scroll of fog {unknown}
Potions
 k - 2 potions of degeneration
Books
 c - a book of Spatial Translocations

   Spells                             Type                      Level
   a - Apportation                    Translocation                1
   b - Blink                          Translocation                2
   c - Shroud of Golubria             Charms/Translocation         2
   d - Portal Projectile              Translocation                3
   e - Teleport Other                 Translocation                3
   f - Passage of Golubria            Translocation                4
Comestibles
 f - 2 bread rations
 o - a beef jerky


   Skills:
 - Level 2.4 Fighting
 + Level 5.4 Long Blades
 - Level 1.0 Throwing
 - Level 1.2 Armour
 - Level 2.1 Dodging
 - Level 1.3 Spellcasting
 - Level 2.1 Translocations


You had 4 spell levels left.
You knew the following spells:

 Your Spells              Type           Power        Failure   Level  Hunger
a - Apportation           Tloc           #.........   34%         1    ##.....


Dungeon Overview and Level Annotations

Branches:
Dungeon (4/15)
 Temple: D:4-7

Altars:
Kikubaaqudgha
Makhleb
Xom

Annotations:
D:3 Terence
D:4 Grinder


Innate Abilities, Weirdness & Mutations

You reflexively headbutt those who attack you in melee.
You have a pair of horns on your head.
You are partially covered in slimy green scales. (AC +2)


Message History

* * * LOW HITPOINT WARNING * * *
You barely miss Grinder.
Grinder is severely wounded.
Grinder gestures at you.
You suddenly lose the ability to move!
Grinder hits you but does no damage.
Grinder drinks a potion.
Grinder is healed!
You can move again.
Unknown command.
Unknown command.
You barely miss Grinder. Your headbutt misses Grinder.
Grinder is heavily wounded.
Grinder barely misses you. You furiously retaliate!
You headbutt Grinder!
You riposte.
You barely miss Grinder.
Grinder is severely wounded.
You hit Grinder. You headbutt Grinder.
Grinder is almost dead.
Grinder gestures at you. Pain shoots through your body!
You die...

#.<...(..#.#
#).........###
#...#.........
#.####.######.
## #. #..# ###
... #. #.## ..
.... .. #..#
.##=... ..
#.5##.#.....
#..@...._...
#..#......#
#..#.....##
#..#........
...#.....###
###.#####.#
#.. .# ### #


You could see Grinder.

Vanquished Creatures
  A crimson imp (D:3)
  An adder (D:2)
  A dart slug (D:2)
  A giant gecko (D:2)
  An orc (D:3)
  3 bats
  A giant cockroach (D:3)
  3 hobgoblins
  9 jackals
  A quokka (D:2)
  A giant newt (D:2)
  2 goblins
  3 rats
28 creatures vanquished.

Notes
Turn   | Place    | Note
-------+----------+-------------------------------------------
     0 | D:1      | jacquesderrida the Minotaur Warper began the quest for the Orb.
     0 | D:1      | Reached XP level 1. HP: 18/18 MP: 1/1
    80 | D:1      | ;^)
   101 | D:1      | Reached skill level 3 in Long Blades
   127 | D:2      | Reached XP level 2. HP: 23/25 MP: 3/3
   183 | D:2      | Reached skill level 4 in Long Blades
   276 | D:2      | Reached XP level 3. HP: 26/30 MP: 4/4
   508 | D:3      | Found a burning altar of Makhleb.
   509 | D:3      | Found a shimmering altar of Xom.
   511 | D:3      | Reached skill level 5 in Long Blades
   511 | D:3      | Reached XP level 4. HP: 37/37 MP: 5/5
   513 | D:3      | SOOQIN SYN
   537 | D:3      | Became a worshipper of Makhleb the Destroyer
   546 | D:3      | Noticed Terence
   567 | D:4      | Found an ancient bone altar of Kikubaaqudgha.
   567 | D:4      | Noticed Grinder
   585 | D:4      | Gained mutation: You are partially covered in slimy green scales. (AC +2) [potion of beneficial mutation]
   588 | D:4      | Paralysed by Grinder for 3 turns
   592 | D:4      | Killed from afar by Grinder

Vault maps used:
D:1:      zelgadis_glass_arrival_small, nicolae_ashenzari_panopticon
D:2:      first_bread, minmay_misc_feat_secret_circle, minmay_tetromino_o4
D:3:      grunt_temple_overflow_champion_of_chaos, uniq_terence, uniq_natasha
D:4:      nicolae_overflow_crystal_walls, serial_shops, shop_statue,
          uniq_grinder, uniq_sigmund, uniq_menkaure, uniq_blork_the_orc

Skill      XL: |  1  2  3 |
---------------+----------+-----
Long Blades    | 3 4 5 |  5.4
Fighting       | |  2.4
Throwing       | |  1.0
Armour         | |  1.2
Dodging        | |  2.1
Spellcasting   | |  1.3
Translocations | |  2.1

Action                   |  1- 3 |  4- 6 || total
-------------------------+-------+-------++-------
Melee: Falchion          |    69 |    13 ||    82
       Headbutt          |     9 |     2 ||    11
  Use: Potion            |       |     3 ||     3
Armor: Leather armour    |     7 |       ||     7
       Ring mail         |     1 |     4 ||     5
Dodge: Dodged            |    53 |     4 ||    57
